 Dungeon Crawl Stone Soup version 0.28.0-53-g5a82cb258f (webtiles) character file.

Game seed: 18136064126186724517

48 sanboga the Chopper (level 3, -11/32 (33) HPs)
             Began as a Minotaur Berserker on July 6, 2022.
             Was a Believer of Trog.
             Mangled by Crazy Yiuf
             ... wielding a +4 quarterstaff of chaos
              (15 damage)
             ... on level 2 of the Dungeon.
             The game lasted 00:00:47 (1094 turns).

sanboga the Chopper (Minotaur Berserker)            Turns: 1094, Time: 00:00:48

HP:   -11/32 (33)   AC:  2    Str: 23    XL:     3   Next: 50%
MP:   2/2           EV: 12    Int:  4    God:    Trog [**....]
Gold: 49            SH:  0    Dex:  9    Spells: 2/2 levels left

rFire   . . .      SeeInvis .   a - +0 hand axe
rCold   . . .      Faith    .   (no shield)
rNeg    . . .      Spirit   .   b - +0 animal skin
rPois   .          Reflect  .   (helmet restricted)
rElec   .          Harm     .   (no cloak)
rCorr   .          Rampage  .   (no gloves)
Will    .....                   (no boots)
Stlth   +.........              (no amulet)
HPRegen 0.10/turn               (no ring)
MPRegen 0.08/turn               (no ring)

@: lightly drained
A: horns 2, retaliatory headbutt
a: Renounce Religion, Berserk, Trog's Hand


You were on level 2 of the Dungeon.
You worshipped Trog.
Trog was pleased with you.
You visited 1 branch of the dungeon, and saw 2 of its levels.

You collected 49 gold pieces.

Inventory:

Hand Weapons
 a - a +0 hand axe (weapon)
Armour
 b - a +0 animal skin (worn)
Jewellery
 f - an amulet of regeneration
Scrolls
 d - 2 scrolls of teleportation {unknown}
 e - a scroll of identify {unknown}
 j - a scroll of fear {unknown}
 k - a scroll of vulnerability {unknown}
 l - a scroll of torment {unknown}
Potions
 c - a potion of heal wounds {unknown}
 g - a potion of attraction {unknown}
 h - a potion of magic {unknown}
 i - a potion of resistance {unknown}


   Skills:
 + Level 4.1 Fighting
 * Level 4.4 Axes
 + Level 3.0 Armour
 + Level 2.7 Dodging


You had 2 spell levels left.
You didn't know any spells.
Your spell library was empty.

Dungeon Overview and Level Annotations

Branches:
Dungeon (2/15)

Altars:

Annotations:
D:2 Crazy Yiuf


Innate Abilities, Weirdness & Mutations

You have a pair of horns on your head.
You reflexively headbutt those who attack you in melee.


Message History

Found a mace.
A ball python comes into view.
The ball python closely misses you. The ball python misses you.
You barely miss the ball python. The ball python barely misses you.
You furiously retaliate!
You headbutt the ball python!
You kill the ball python!
Trog accepts your kill.
No target in view!
No target in view!
No target in view!
No target in view!
You see here a +0 mace.
Found five maces, a runed mace and a glowing mace.
Found a runed translucent door.
You see here a +0 mace.
Found a mace.
Crazy Yiuf says, "Key head return to song!"
You see here a +0 mace.
You see here a +2 mace of protection.
Found a runed mace and two maces.
You see here a +0 mace.
You open the door. Crazy Yiuf completely misses you.
You hit Crazy Yiuf but do no damage. Your headbutt misses Crazy Yiuf.
Crazy Yiuf says, "Cod mobile aubergine!"
Crazy Yiuf hits you with a +4 quarterstaff of chaos!
You feel drained.
You hit Crazy Yiuf but do no damage. Crazy Yiuf barely misses you.
You furiously retaliate!
You headbutt Crazy Yiuf. You completely miss Crazy Yiuf.
Crazy Yiuf is lightly wounded.
Crazy Yiuf misses you.
You barely miss Crazy Yiuf. You headbutt Crazy Yiuf.
Crazy Yiuf is heavily wounded.
Crazy Yiuf hits you with a +4 quarterstaff of chaos!
* * * LOW HITPOINT WARNING * * *
Crazy Yiuf draws strength from your wounds!
You hit Crazy Yiuf but do no damage.
Crazy Yiuf is lightly wounded.
Crazy Yiuf hits you with a +4 quarterstaff of chaos!
You die...

##### #).)# #)))#
))) #g# ♣@♣♣ ♣♣)♣
♣)♣♣ ♣♣)♣ ♣♣)♣♣
..... . ♣♣..)♣
#..... . ♣....♣
..... . # #.
#....# .... ..
#.#.####....###..#
...


You could see Crazy Yiuf.

Vanquished Creatures
  An adder (D:2)
  A dart slug (D:1)
  An orc (D:2)
  4 bats
  4 endoplasms
  5 goblins (D:1)
  4 hobgoblins (D:1)
  3 jackals (D:1)
  2 kobolds (D:1)
  3 ball pythons
  A frilled lizard (D:1)
  2 rats (D:1)
31 creatures vanquished.

Notes
Turn   | Place    | Note
-------+----------+-------------------------------------------
     0 | D:1      | sanboga the Minotaur Berserker began the quest for the Orb.
     0 | D:1      | Reached XP level 1. HP: 19/19 MP: 0/0
   125 | D:1      | Reached XP level 2. HP: 18/27 MP: 1/1
   640 | D:1      | Reached ** piety under Trog
   641 | D:1      | Reached XP level 3. HP: 32/33 MP: 2/2
  1085 | D:2      | Found a runed translucent door.
  1086 | D:2      | Noticed Crazy Yiuf
  1094 | D:2      | Mangled by Crazy Yiuf

Illustrated notes

Levels and vault maps discovered:
D:1:      tarquinn_simple_flora_water_f, layout_rooms, minmay_fountain_box
D:2:      minmay_inner_zag, layout_basic, serial_aquarium,
          aquarium_bridge_square [aquarium_subvault_window,
          aquarium_subvault_window, aquarium_subvault_bridge,
          aquarium_subvault_bridge], aquarium_window_corridor_3,
          aquarium_window_2, aquarium_view_2d, hangedman_glass_teeth,
          chequers_garden, minmay_misc_feat_chi, kennysheep_generic_room_2,
          uniq_crazy_yiuf_cottage

Skill      XL: |  1  2  3 |
---------------+----------+-----
Axes           | 4 |  4.4
Fighting       | 4 |  4.1
Armour         | 3 |  3.0
Dodging        | |  2.7

Action                   || total
-------------------------++-------
Melee: Hand axe          ||    63
       Headbutt          ||     8
Armor: Animal skin       ||    10
Dodge: Dodged            ||    58
